 Dungeon Crawl Stone Soup version 0.29.1-15-g9cfb28693d (webtiles) character file.

Game seed: 14486156644614081976

7685 Renzlar the Blocker (level 11, 89/89 HPs)
             Began as a Gnoll Fighter on Feb 26, 2023.
             Was an Elder of Okawaru.
             Quit the game on level 10 of the Dungeon on Feb 28, 2023.
             The game lasted 00:39:30 (11923 turns).

Renzlar the Blocker (Gnoll Fighter)                Turns: 11923, Time: 00:39:30

Health: 89/89      AC:  9    Str: 17    XL:     11   Next: 19%
Magic:  20/20      EV: 13    Int:  7    God:    Okawaru [****..]
Gold:   765        SH: 11    Dex: 13    Spells: 16/22 levels left

rFire   . . .      SeeInvis +   a - +1 war axe (venom)
rCold   . . .      Faith    .   B - +0 kite shield
rNeg    . . .      Spirit   +   y - +2 robe "Ehau" {rPois Str-2 Slay+3 SInv}
rPois   +          Reflect  .   (no helmet)
rElec   .          Harm     .   s - +0 cloak
rCorr   .          Rampage  .   u - +0 pair of gloves
Will    +....                   k - +0 pair of boots
Stlth   +++.......              A - amulet of guardian spirit
HPRegen 0.24/turn               w - ring of willpower
MPRegen 0.17/turn               (no ring)

@: no status effects
A: fangs 1, strong nose, distributed training, hooves 1, wild magic 1,
MP-powered wands
a: Renounce Religion, Heroism, Finesse


You were on level 10 of the Dungeon.
You worshipped Okawaru.
Okawaru was greatly pleased with you.
You visited 1 branch of the dungeon, and saw 10 of its levels.
You also visited: Sewer.

You collected 765 gold pieces.

Inventory:

Hand Weapons
 a - a +1 war axe of venom (weapon)
 c - a +0 sling
 t - a +4 dagger of speed
Missiles
 j - 7 curare-tipped darts (quivered)
 p - 56 poisoned darts
Armour
 b - a +0 scale mail
 k - a +0 pair of boots (worn)
 s - a +0 cloak (worn)
 u - a +0 pair of gloves (worn)
 y - the +2 robe "Ehau" (worn) {rPois Str-2 Slay+3 SInv}
   (You found it on level 5 of the Dungeon)

   Str:       It affects your strength (-2).
   Slay:      It affects your accuracy & damage with ranged weapons and melee
   (+3).
   rPois:     It protects you from poison.
   SInv:      It lets you see invisible.
 B - a +0 kite shield (worn)
Jewellery
 e - a ring of magical power
 w - a ring of willpower (left hand)
 x - a ring of ice
 A - an amulet of guardian spirit (around neck)
Wands
 r - a wand of charming (8)
 z - a wand of light (18)
 C - a wand of flame (16)
Scrolls
 i - a scroll of amnesia
 q - 4 scrolls of blinking
 v - 4 scrolls of teleportation
Potions
 d - 6 potions of might
 f - a potion of berserk rage
 g - 5 potions of curing
 h - 4 potions of resistance
 l - 3 potions of heal wounds
 m - 3 potions of haste
 n - 3 potions of flight {unknown}
 o - 3 potions of cancellation


   Skills:
 + Level 9.2 Fighting
 + Level 6.3 Short Blades
 + Level 6.3 Long Blades
 + Level 7.9 Axes
 + Level 6.3 Maces & Flails
 + Level 6.3 Polearms
 + Level 6.3 Staves
 + Level 6.3 Ranged Weapons
 + Level 6.3 Throwing
 + Level 9.2 Armour
 + Level 6.3 Dodging
 + Level 6.3 Stealth
 + Level 9.2 Shields
 + Level 6.3 Unarmed Combat
 + Level 6.3 Spellcasting
 + Level 5.2 Conjurations
 + Level 5.2 Hexes
 + Level 5.2 Summonings
 + Level 5.2 Necromancy
 + Level 5.2 Translocations
 + Level 5.2 Transmutations
 + Level 5.2 Fire Magic
 + Level 5.2 Ice Magic
 + Level 5.2 Air Magic
 + Level 5.2 Earth Magic
 + Level 5.2 Poison Magic
 + Level 6.9 Invocations
 + Level 6.3 Evocations


You had 16 spell levels left.
You knew the following spells:

 Your Spells              Type           Power      Damage    Failure   Level
a - Frozen Ramparts       Ice            24%        1d4       28%         3
b - Portal Projectile     Hex/Tloc       24%        N/A       28%         3

Your spell library contained the following spells:

 Spells                   Type           Power      Damage    Failure   Level
 Ice Form                 Ice/Tmut       12%        N/A       63%         4
 Blade Hands              Tmut           6%         N/A       92%         5
 Tukima's Dance           Hex            Unusable   N/A       N/A         3
 Summon Ice Beast         Ice/Summ       Unusable   N/A       N/A         4

Dungeon Overview and Level Annotations

Branches:
Dungeon (10/15)            Temple (0/1) D:5             Orc (0/2) D:10
  Sewer (visited)
   Lair: D:8-11

Altars:
Ashenzari
Gozag
Kikubaaqudgha
Okawaru
Ru
Yredelemnul
The Shining One

Shops:
D:4 *

Annotations:
D:5 3 runed translucent doors, exclusion: oklob sapling, Jingleheimer's ghost, amateur MiFi
D:7 2 transporters, sargonster's ghost, novice HOBe


Innate Abilities, Weirdness & Mutations

You have very sharp teeth.
Your uncanny sense of smell can sniff out nearby items.
Your experience applies equally to all skills.
You have large cloven feet.
Your spells are a little harder to cast, but a little more powerful.
You expend magic power (3 MP) to strengthen your wands.


Message History

The sling bullet barely misses the howler monkey. x2
Your +1 war axe of venom begins to drip with poison!
a - a +1 war axe of venom (weapon)
The howler monkey hoots and howls with incredible vigour!
You barely miss the howler monkey.
The howler monkey is almost dead.
The howler monkey hits you but does no damage.
You closely miss the howler monkey.
The howler monkey is almost dead.
The howler monkey hits you. The howler monkey barely misses you.
You hit the howler monkey.
You kill the howler monkey!
Okawaru accepts your kill.
You closely miss the howler monkey. Your bite misses the howler monkey.
The howler monkey hits you.
The howler monkey hoots and howls with incredible vigour!
You hit the howler monkey.
The howler monkey is poisoned.
The howler monkey is lightly wounded.
The howler monkey barely misses you.
You slash the howler monkey!
The howler monkey looks as sick as possible!
You bite the howler monkey.
The howler monkey is almost dead.
The howler monkey closely misses you.
You hit the howler monkey but do no damage.
The howler monkey looks as sick as possible!
The howler monkey is almost dead.
You kill the howler monkey!
Okawaru accepts your kill.
Your +1 war axe of venom stops dripping with poison.
c - a +0 sling (weapon)
Things that are here:
a howler monkey corpse; a howler monkey corpse You now have 748 gold pieces (gained 19).
You now have 765 gold pieces (gained 17).
There is an open door here.
Done exploring.
Your +1 war axe of venom begins to drip with poison!
a - a +1 war axe of venom (weapon)
Are you sure you want to abandon this character and quit the game? (Confirm with "yes".)

#.# #.##........... #.#
#.########.##.. #.# ##+##
#.##.. #.# ##...## #.##..
#.#### ##.....## #.....
#.##.## ##.......## #..#.#
#.#...####<..>.....####....#
#........+.........'........
#.#...####.@.......####...##
#####.##.##
##.......######.##
#.........# ##.....#.......#
#.###.###.# ##...##.#####.#
#.# #.###.### ##'###.#####.#
#.# #.......# #.# #.##....#
#.# #####.#.# #.# #.##.##.#
#.#######.#.# ##.###.##.##.#
#.........#.#
##...##.##.##.#


There were no monsters in sight!

Vanquished Creatures
  A two-headed ogre (D:8)
  The ghost of Farfigtubin the Cleaver, a novice HOFi of Beogh (D:6)
  Maggie (D:6)
  2 trolls
  9 yaks
  Eustachio (D:6)
  3 wyverns
  2 water moccasins (D:9)
  An ice beast (D:8)
  2 sky beasts (D:7)
  5 black bears
  2 orc warriors
  A phantom (D:5)
  5 centaurs
  6 kobold brigands (Sewer)
  2 bullfrogs
  A necrophage (D:4)
  2 gnoll sergeants
  3 scorpions
  4 wights (D:8)
  8 howler monkeys
  3 jellies
  A hound (D:7)
  5 orc priests
  2 iguanas (D:5)
  Ijyb (D:3)
  11 orc wizards
  12 gnolls
  7 adders
  5 river rats (Sewer)
  3 shadow imps
  A white imp (D:5)
  5 worms
  2 dart slugs
  32 orcs
  10 ball pythons
  17 endoplasms
  6 giant cockroaches
  7 goblins
  2 hobgoblins
  4 jackals (D:4)
  4 quokkas
  4 bats (D:1)
  9 kobolds
  10 rats
225 creatures vanquished.

Vanquished Creatures (others)
  A gnoll (D:7)
  4 plants (D:5)
5 creatures vanquished.

Grand Total: 230 creatures vanquished

Notes
Turn   | Place    | Note
-------+----------+-------------------------------------------
     0 | D:1      | Renzlar the Gnoll Fighter began the quest for the Orb.
     0 | D:1      | Reached XP level 1. HP: 23/23 MP: 1/1
    57 | D:1      | Found a faded altar of an unknown god.
   134 | D:1      | Reached XP level 2. HP: 29/29 MP: 2/2
   582 | D:2      | Reached XP level 3. HP: 35/35 MP: 3/3
  1171 | D:3      | Reached skill level 1 in Invocations
  1465 | D:3      | Reached skill level 1 in Short Blades
  1465 | D:3      | Reached skill level 1 in Long Blades
  1465 | D:3      | Reached skill level 1 in Maces & Flails
  1465 | D:3      | Reached skill level 1 in Polearms
  1465 | D:3      | Reached skill level 1 in Staves
  1465 | D:3      | Reached skill level 1 in Ranged Weapons
  1465 | D:3      | Reached skill level 1 in Throwing
  1465 | D:3      | Reached skill level 1 in Dodging
  1465 | D:3      | Reached skill level 1 in Stealth
  1465 | D:3      | Reached skill level 1 in Unarmed Combat
  1465 | D:3      | Reached skill level 1 in Spellcasting
  1465 | D:3      | Reached skill level 1 in Evocations
  1476 | D:3      | Found a glowing drain.
  1494 | Sewer    | Entered a sewer
  1514 | Sewer    | Noticed a kobold brigand
  1527 | Sewer    | Reached XP level 4. HP: 35/41 MP: 5/5
  1538 | Sewer    | Killed a kobold brigand
  1539 | Sewer    | Reached skill level 1 in Conjurations
  1539 | Sewer    | Reached skill level 1 in Hexes
  1539 | Sewer    | Reached skill level 1 in Summonings
  1539 | Sewer    | Reached skill level 1 in Necromancy
  1539 | Sewer    | Reached skill level 1 in Translocations
  1539 | Sewer    | Reached skill level 1 in Transmutations
  1539 | Sewer    | Reached skill level 1 in Fire Magic
  1539 | Sewer    | Reached skill level 1 in Ice Magic
  1539 | Sewer    | Reached skill level 1 in Air Magic
  1539 | Sewer    | Reached skill level 1 in Earth Magic
  1539 | Sewer    | Reached skill level 1 in Poison Magic
  1539 | Sewer    | Reached XP level 5. HP: 17/47 MP: 5/7
  1751 | Sewer    | Noticed a kobold brigand
  1764 | Sewer    | Killed a kobold brigand
  1840 | Sewer    | Noticed a kobold brigand
  1850 | Sewer    | Killed a kobold brigand
  1851 | Sewer    | Reached skill level 5 in Axes
  1851 | Sewer    | Reached XP level 6. HP: 51/53 MP: 7/9
  2478 | Sewer    | Reached XP level 7. HP: 55/60 MP: 10/10
  2982 | D:3      | Noticed Ijyb
  3040 | D:3      | Killed Ijyb
  3619 | D:4      | Found Wolas's Assorted Antiques.
  3795 | D:3      | Reached XP level 8. HP: 66/67 MP: 12/12
  4518 | D:4      | Found an ancient bone altar of Kikubaaqudgha.
  5038 | D:5      | Entered Level 5 of the Dungeon
  5041 | D:5      | Found a runed translucent gate.
  5043 | D:5      | Found a runed translucent gate.
  5043 | D:5      | Found an opulent altar of Gozag.
  5044 | D:5      | Found a runed translucent gate.
  5045 | D:5      | Noticed a yak
  5045 | D:5      | Noticed Jingleheimer's ghost (amateur MiFi)
  5063 | D:5      | Found a sacrificial altar of Ru.
  5063 | D:5      | Found a basalt altar of Yredelemnul.
  5417 | D:5      | Found a broken altar of Ashenzari.
  5522 | D:5      | Found an iron altar of Okawaru.
  5530 | D:5      | Became a worshipper of Warmaster Okawaru
  5553 | D:5      | Found a staircase to the Ecumenical Temple.
  5661 | D:5      | Identified the +2 robe "Ehau" {rPois Str-2 Slay+3 SInv}
  6176 | D:6      | Noticed Eustachio
  6185 | D:6      | Reached XP level 9. HP: 73/73 MP: 14/14
  6218 | D:6      | Found a runed translucent door.
  6218 | D:6      | Noticed Farfigtubin's ghost (novice HOFi)
  6304 | D:6      | Killed Eustachio
  6304 | D:6      | Reached * piety under Okawaru
  6567 | D:6      | Found a glowing golden altar of the Shining One.
  6623 | D:6      | Killed Farfigtubin's ghost
  6834 | D:7      | Noticed Maggie
  6880 | D:6      | Reached skill level 5 in Invocations
  7119 | D:6      | Killed Maggie
  7119 | D:6      | Reached ** piety under Okawaru
  7646 | D:7      | Found a transporter.
  7658 | D:7      | Noticed sargonster's ghost (novice HOBe)
  7759 | D:7      | Found a transporter.
  7841 | D:7      | Reached skill level 5 in Short Blades
  7841 | D:7      | Reached skill level 5 in Long Blades
  7841 | D:7      | Reached skill level 5 in Maces & Flails
  7841 | D:7      | Reached skill level 5 in Polearms
  7841 | D:7      | Reached skill level 5 in Staves
  7841 | D:7      | Reached skill level 5 in Ranged Weapons
  7841 | D:7      | Reached skill level 5 in Throwing
  7841 | D:7      | Reached skill level 5 in Dodging
  7841 | D:7      | Reached skill level 5 in Stealth
  7841 | D:7      | Reached skill level 5 in Unarmed Combat
  7841 | D:7      | Reached skill level 5 in Spellcasting
  7841 | D:7      | Reached skill level 5 in Evocations
  7841 | D:7      | Reached XP level 10. HP: 73/81 MP: 15/17
  8412 | D:8      | Reached *** piety under Okawaru
  8780 | D:8      | Identified the +3 leather armour of Esmeewn {Harm Rampage
                  | rF+ Int+3}
  9377 | D:8      | Noticed a two-headed ogre
  9390 | D:8      | Killed a two-headed ogre
  9710 | D:9      | Reached **** piety under Okawaru
  9710 | D:9      | Received a gift from Okawaru
 10130 | D:9      | Reached skill level 5 in Conjurations
 10130 | D:9      | Reached skill level 5 in Hexes
 10130 | D:9      | Reached skill level 5 in Summonings
 10130 | D:9      | Reached skill level 5 in Necromancy
 10130 | D:9      | Reached skill level 5 in Translocations
 10130 | D:9      | Reached skill level 5 in Transmutations
 10130 | D:9      | Reached skill level 5 in Fire Magic
 10130 | D:9      | Reached skill level 5 in Ice Magic
 10130 | D:9      | Reached skill level 5 in Air Magic
 10130 | D:9      | Reached skill level 5 in Earth Magic
 10130 | D:9      | Reached skill level 5 in Poison Magic
 10432 | D:9      | Reached XP level 11. HP: 89/89 MP: 20/20
 10838 | D:10     | Entered Level 10 of the Dungeon
 10975 | D:10     | Gained mutation: You expend magic power (3 MP) to
                  | strengthen your wands. [potion of mutation]
 10975 | D:10     | Gained mutation: Your muscles are strong. (Str +4, Int/Dex
                  | -1) [potion of mutation]
 10976 | D:10     | Lost mutation: Your muscles are strong. (Str +4, Int/Dex
                  | -1) [potion of mutation]
 10976 | D:10     | Lost mutation: You expend magic power (3 MP) to strengthen
                  | your wands. [potion of mutation]
 10976 | D:10     | Gained mutation: You are frail. (-10% HP) [potion of
                  | mutation]
 10976 | D:10     | Gained mutation: You are partially covered in iridescent
                  | scales. (AC +2) [potion of mutation]
 10976 | D:10     | Gained mutation: You occasionally lose the ability to drink
                  | potions when taking damage. [potion of mutation]
 10977 | D:10     | Lost mutation: You are frail. (-10% HP) [potion of
                  | mutation]
 10977 | D:10     | Lost mutation: You are partially covered in iridescent
                  | scales. (AC +2) [potion of mutation]
 10977 | D:10     | Lost mutation: You occasionally lose the ability to drink
                  | potions when taking damage. [potion of mutation]
 10977 | D:10     | Gained mutation: You expend magic power (3 MP) to
                  | strengthen your wands. [potion of mutation]
 10977 | D:10     | Gained mutation: You have large cloven feet. [potion of
                  | mutation]
 10977 | D:10     | Gained mutation: Your body sometimes deteriorates upon
                  | taking damage. [potion of mutation]
 10977 | D:10     | Gained mutation: Your system is resistant to poisons.
                  | (rPois) [potion of mutation]
 10978 | D:10     | Lost mutation: You have large cloven feet. [potion of
                  | mutation]
 10978 | D:10     | Lost mutation: Your system is resistant to poisons. (rPois)
                  | [potion of mutation]
 10978 | D:10     | Lost mutation: Your body sometimes deteriorates upon taking
                  | damage. [potion of mutation]
 10978 | D:10     | Gained mutation: You have large cloven feet. [potion of
                  | mutation]
 10978 | D:10     | Gained mutation: Your spells are a little harder to cast,
                  | but a little more powerful. [potion of mutation]
 11044 | D:10     | Found a staircase to the Orcish Mines.
 11395 | D:10     | Learned a level 3 spell: Frozen Ramparts
 11399 | D:10     | Learned a level 3 spell: Portal Projectile
 11923 | D:10     | Quit the game

Illustrated notes

Levels and vault maps discovered:
D:1:      dpeg_arrival_stonehenge_8_columns, layout_basic,
          ebering_ecumenical_altar_rust
D:2:      layout_basic, kennysheep_generic_room_9
D:3:      layout_basic, portal_sewer_entry_a, uniq_ijyb
D:4:      layout_rooms, mainiacjoe_overflow_24_doors, serial_shops,
          nicolae_stop_n_shop_1
D:5:      layout_gridville, nicolae_ashenzari_panopticon, okawaru_trees_2,
          jmf_multi_god_temple, minmay_temple_entry_oklob, ebering_ghost_gozag
D:6:      layout_gridville, tso_altar, hellmonk_ghost_happy_afterlife,
          uniq_eustachio
D:7:      layout_basic, gammafunk_ghost_arena, uniq_maggie
D:8:      layout_basic
D:9:      layout_loops_corners
D:10:     layout_loops_corners, orc_0_dummy

Skill      XL: |  1  2  3  4  5  6  7  8  9 10 |
---------------+-------------------------------+-----
Invocations    | 1 2 3 4 5 6 |  6.9
Short Blades   | 1 2 3 5 6 |  6.3
Long Blades    | 1 2 3 5 6 |  6.3
Maces & Flails | 1 2 3 5 6 |  6.3
Polearms       | 1 2 3 5 6 |  6.3
Staves         | 1 2 3 5 6 |  6.3
Ranged Weapons | 1 2 3 5 6 |  6.3
Throwing       | 1 2 3 5 6 |  6.3
Dodging        | 1 2 3 5 6 |  6.3
Stealth        | 1 2 3 5 6 |  6.3
Unarmed Combat | 1 2 3 5 6 |  6.3
Spellcasting   | 1 2 3 5 6 |  6.3
Evocations     | 1 2 3 5 6 |  6.3
Conjurations   | 1 2 3 4 5 |  5.2
Hexes          | 1 2 3 4 5 |  5.2
Summonings     | 1 2 3 4 5 |  5.2
Necromancy     | 1 2 3 4 5 |  5.2
Translocations | 1 2 3 4 5 |  5.2
Transmutations | 1 2 3 4 5 |  5.2
Fire Magic     | 1 2 3 4 5 |  5.2
Ice Magic      | 1 2 3 4 5 |  5.2
Air Magic      | 1 2 3 4 5 |  5.2
Earth Magic    | 1 2 3 4 5 |  5.2
Poison Magic   | 1 2 3 4 5 |  5.2
Axes           | 5 6 7 |  7.9
Fighting       | 7 8 9 |  9.2
Armour         | 7 8 9 |  9.2
Shields        | 7 8 9 |  9.2

Action                   |  1- 3 |  4- 6 |  7- 9 | 10-12 || total
-------------------------+-------+-------+-------+-------++-------
Melee: War axe           |    82 |    95 |   244 |   195 ||   616
       Bite              |     2 |     8 |    39 |    31 ||    80
       Dagger            |       |       |    13 |       ||    13
 Fire: Sling             |    50 |    36 |   172 |    70 ||   328
Throw: Dart              |       |       |       |     1 ||     1
Invok: Heroism           |       |       |     1 |       ||     1
Evoke: Wand              |       |       |     1 |       ||     1
  Use: Scroll            |     6 |       |     7 |     6 ||    19
       Potion            |       |       |     2 |     4 ||     6
Armor: Scale mail        |    32 |    29 |    97 |       ||   158
       Robe              |       |       |    32 |    53 ||    85
Dodge: Dodged            |    30 |    31 |   135 |    83 ||   279
Block: Buckler           |    27 |    21 |    77 |     8 ||   133
       Kite shield       |       |       |       |   109 ||   109
